 Dungeon Crawl Stone Soup version 0.25-a0-404-gc1b5a34292 (webtiles) character file.

Game seed: 17027506811892839316, levelgen mode: deterministic

1045 kae the Gusty (level 8, -4/57 HPs)
             Began as a Purple Draconian Air Elementalist on Jan 10, 2020.
             Was an Initiate of Vehumet.
             Slain by Duvessa
             ... wielding a +2 short sword of flaming
              (6 damage)
             ... on level 5 of the Dungeon.
             The game lasted 00:06:13 (4317 turns).

kae the Gusty (Purple Draconian Air Elementalist)   Turns: 4317, Time: 00:06:13

Health: -4/57      AC:  8    Str: 10    XL:     8   Next: 4%
Magic:  3/16       EV: 12    Int: 19    God:    Vehumet [......]
Gold:   213        SH:  0    Dex: 13    Spells: 8/18 levels left

rFire    . . .     SeeInvis .   a - +3 dagger (venom)
rCold    . . .     Gourm    .   (no shield)
rNeg     . . .     Faith    .   (armour unavailable)
rPois    .         Spirit   .   (helmet restricted)
rElec    .         Reflect  .   s - +1 cloak
rCorr    .         Harm     .   (no gloves)
MR       +....                  (no boots)
Stlth    +++.......             (no amulet)
HPRegen  0.19/turn              p - +2 ring of dexterity
MPRegen  0.15/turn              f - ring of stealth

@: no status effects
A: breathe power, unfitting armour, cold-blooded, AC +6
a: Breathe Dispelling Energy, Renounce Religion


You were on level 5 of the Dungeon.
You worshipped Vehumet.
Vehumet was noncommittal.
You were very hungry.

You visited 2 branches of the dungeon, and saw 6 of its levels.

You collected 213 gold pieces.

Inventory:

Hand Weapons
 a - a +3 dagger of venom (weapon)
Armour
 s - a +1 cloak (worn)
Jewellery
 e - an uncursed ring of positive energy
 f - a ring of stealth (right hand)
 i - an uncursed ring of fire
 p - a +2 ring of dexterity (left hand)
Wands
 j - a wand of acid (8)
 l - a wand of clouds (4)
Scrolls
 c - a scroll of remove curse
 r - a scroll of teleportation
Potions
 d - a potion of brilliance {unknown}
 g - 2 potions of heal wounds
 h - 2 potions of curing
 k - 4 potions of agility {unknown}
 m - a potion of berserk rage {unknown}
 n - a potion of magic {unknown}
 o - a potion of haste
Comestibles
 b - 4 rations


   Skills:
 - Level 1.7 Dodging
 - Level 1.7 Stealth
 + Level 5.6 Spellcasting
 + Level 4.6 Conjurations
 * Level 7.3 Air Magic


You had 8 spell levels left.
You knew the following spells:

 Your Spells              Type           Power        Failure   Level  Hunger
a - Shock                 Conj/Air       ####         1%          1    None
b - Static Discharge      Conj/Air       ####....     3%          3    ##.....
c - Swiftness             Chrm/Air       ###.....     4%          2    None
d - Airstrike             Air            ####......   5%          4    ####...

Your spell library contained the following spells:

 Spells                   Type           Power        Failure   Level  Hunger
 Lightning Bolt           Conj/Air       ####......   28%         5    #####..


Dungeon Overview and Level Annotations

Branches:
Dungeon (5/15)             Temple (1/1) D:4

Altars:
Ashenzari
Cheibriados
Dithmenos
Elyvilon
Fedhas
Gozag
Hepliaklqana
Kikubaaqudgha
Nemelex Xobeh
Okawaru
Qazlal
Ru
Sif Muna
Trog
Uskayaw
Vehumet
Wu Jian
Xom
Zin

Annotations:
D:5 Duvessa


Innate Abilities, Weirdness & Mutations

You can breathe bolts of dispelling energy.
Your rich purple scales are hard. (AC +6)
You cannot fit into any form of body armour.
You are cold-blooded and may be slowed by cold attacks.


Message History

You barely miss Duvessa.
Duvessa is heavily wounded.
Duvessa hits you with a +2 short sword of flaming!
Duvessa burns you.
You have got your breath back.
Duvessa hits you with a +2 short sword of flaming!
Duvessa burns you.
You hit Duvessa.
Duvessa is severely wounded.
Duvessa barely misses you.
You hit Duvessa.
Duvessa looks as sick as possible!
Duvessa is almost dead.
Duvessa hits you with a +2 short sword of flaming.
* * * LOW HITPOINT WARNING * * *
Duvessa burns you.
* * * LOW HITPOINT WARNING * * *
Duvessa hits you with a +2 short sword of flaming!
* * * LOW HITPOINT WARNING * * *
Duvessa burns you.
You die...

..........#..#
.............#
...%.........#
.............#
.............#
.............###
...............##
........e........
.........@.......
.............####
....[........#
.....#........#
##............#
###..........#
##..%......#
#..........


You could see Duvessa (berserk).

Vanquished Creatures
  Grinder (D:3)
  Sigmund (D:2)
  Edmund (D:4)
  An ogre (D:4)
  Dowan (D:5)
  2 hounds
  Crazy Yiuf (D:4)
  2 centaur skeletons (D:4)
  Jessica (D:3)
  Ijyb (D:3)
  Terence (D:3)
  2 worker ants (D:4)
  7 adders
  2 oozes
  2 adder skeletons
  5 worms
  6 dart slugs
  A leopard gecko (D:3)
  An orc (D:3)
  6 bats
  5 giant cockroaches
  3 goblins
  5 hobgoblins
  6 jackals
  A quokka (D:4)
  4 frilled lizards
  7 kobolds
  11 rats
87 creatures vanquished.

Vanquished Creatures (others)
  8 toadstools (D:1)
8 creatures vanquished.

Grand Total: 95 creatures vanquished

Notes
Turn   | Place    | Note
-------+----------+-------------------------------------------
     0 | D:1      | kae the Draconian Air Elementalist began the quest for the
                  | Orb.
     0 | D:1      | Reached XP level 1. HP: 14/14 MP: 3/3
    85 | D:1      | Reached XP level 2. HP: 20/20 MP: 5/5
   739 | D:2      | Reached XP level 3. HP: 26/26 MP: 6/6
   778 | D:2      | Noticed Sigmund
   799 | D:2      | Killed Sigmund
   799 | D:2      | Reached skill level 4 in Air Magic
   799 | D:2      | Reached XP level 4. HP: 28/33 MP: 6/8
   799 | D:2      | Reached XP level 5. HP: 33/38 MP: 6/9
   804 | D:2      | Reached skill level 5 in Air Magic
  1465 | D:3      | Noticed Jessica
  1466 | D:3      | Noticed Grinder
  1495 | D:2      | Reached XP level 6. HP: 34/45 MP: 7/10
  1955 | D:3      | Noticed Terence
  1980 | D:3      | Killed Terence
  2102 | D:3      | Learned a level 3 spell: Static Discharge
  2105 | D:3      | Learned a level 2 spell: Swiftness
  2110 | D:3      | Learned a level 4 spell: Airstrike
  2208 | D:3      | Noticed Ijyb
  2228 | D:3      | Killed Ijyb
  2235 | D:3      | Killed Jessica
  2681 | D:3      | Killed Grinder
  2681 | D:3      | Reached skill level 6 in Air Magic
  2681 | D:3      | Your scales start taking on a rich purple colour.
  2681 | D:3      | Reached XP level 7. HP: 43/50 MP: 0/14
  3067 | D:4      | Reached skill level 5 in Spellcasting
  3430 | D:4      | Noticed Edmund
  3475 | D:4      | Killed Edmund
  3475 | D:4      | Reached skill level 7 in Air Magic
  3704 | D:4      | Found a glowing silver altar of Zin.
  3704 | D:4      | Found a shimmering altar of Xom.
  3704 | D:4      | Noticed an angel
  3779 | D:4      | Found a staircase to the Ecumenical Temple.
  3789 | Temple   | Entered the Ecumenical Temple
  3966 | Temple   | Became a worshipper of Vehumet
  3991 | D:4      | Found an opulent altar of Gozag.
  4055 | D:4      | Found a runed translucent door.
  4056 | D:4      | Noticed Crazy Yiuf
  4225 | D:4      | Killed Crazy Yiuf
  4302 | D:5      | Entered Level 5 of the Dungeon
  4304 | D:5      | Noticed Dowan
  4306 | D:5      | Killed Dowan
  4306 | D:5      | Reached XP level 8. HP: 57/57 MP: 7/16
  4306 | D:5      | Noticed Duvessa
  4317 | D:5      | HP: 2/57 [Duvessa/+2 short sword of flaming (14)]
  4317 | D:5      | Slain by Duvessa

Levels and vault maps discovered:
D:1:      ldierk_walled_garden_2, layout_basic, kennysheep_crisscross,
          minmay_gold_behind_fungi, serial_park_tiny_2, kennysheep_doodads,
          serial_bayou_crossing
D:2:      layout_rooms, uniq_sigmund
D:3:      layout_rooms, first_ration, uniq_terence, uniq_grinder, uniq_ijyb,
          uniq_jessica
D:4:      layout_cave_pools, kennysheep_mini_moat,
          grunt_temple_overflow_order_and_chaos_1, temple_green,
          chequers_serial_rivers_micro_e, uniq_edmund, uniq_crazy_yiuf_cottage
D:5:      layout_cave_pods, lightli_temple_of_fire, nemelex_lonely_heart_becter,
          uniq_duvessa, uniq_pikel
Temple:   eino_temple_scatter_basement

Skill      XL: |  1  2  3  4  5  6  7 |
---------------+----------------------+-----
Spellcasting   | 3 4 5 |  5.6
Conjurations   | 2 3 4 |  4.6
Air Magic      | 4 5 6 7 |  7.3
Dodging        | |  1.7
Stealth        | |  1.7

Action                   |  1- 3 |  4- 6 |  7- 9 || total
-------------------------+-------+-------+-------++-------
Melee: Unarmed           |    38 |       |       ||    38
       Tailslap          |    10 |     6 |     4 ||    20
       Dagger            |    59 |    83 |    69 ||   211
 Cast: Shock             |    10 |    59 |    22 ||    91
       Airstrike         |       |     4 |    10 ||    14
       Swiftness         |       |       |     1 ||     1
 Abil: Breathe Dispellin |       |       |     1 ||     1
  Use: Scroll            |     6 |     3 |     2 ||    11
       Potion            |     2 |     1 |       ||     3
 Stab: Sleeping          |     1 |       |     1 ||     2
  Eat: Chunk             |       |     5 |     7 ||    12
Armor: Skin              |    63 |    41 |    18 ||   122
Dodge: Dodged            |    59 |    64 |    41 ||   164

Table legend:
 A = Non-vault XP
 B = Vault XP
 C = Vault XP percentage of total XP
 D = Non-vault monster count
 E = Vault monster count
 F = Vault count percentage of total count
                 A         B        C        D         E       F
            +---------+---------+-------+---------+---------+-------
      Total |     601 |     893 |  59.8 |      79 |       8 |   9.2
            +---------+---------+-------+---------+---------+-------
        D:1 |      39 |       0 |   0.0 |      23 |       0 |   0.0
        D:2 |     134 |     220 |  62.1 |      22 |       1 |   4.3
        D:3 |      53 |     395 |  88.2 |      19 |       4 |  17.4
        D:4 |     375 |     205 |  35.3 |      15 |       2 |  11.8
        D:5 |       0 |      73 | 100.0 |       0 |       1 | 100.0
            +---------+---------+-------+---------+---------+-------
